[Event "Championnat de France Alpe d'Huez 2023 "]
[Site "ALPE D'HUEZ, France"]
[Date "2023.08.22"]
[Round "4.2"]
[White "VIEL, Simon"]
[Black "LAMAZE (ACC), Simon"]
[Result "1/2-1/2"]
[ECO "B11"]
[WhiteElo "2275"]
[BlackElo "2410"]
[PlyCount "142"]
[EventDate "2023.08.??"]
[TimeControl "1/40+30:0"]

1. e4 {2} c6 {6} 2. Nc3 {63} d5 {15} 3. Nf3 {5} Bg4 {48} 4. h3 {5} Bxf3 {18} 5.
Qxf3 {6} e6 {3} 6. g3 {72} d4 {5} 7. Nb1 {144} h5 {4} 8. d3 {412} h4 {32} 9.
Bg2 {134} Ne7 {298} 10. O-O {737} Ng6 {13} 11. Bd2 {351} Nd7 {63} 12. Qe2 {380}
hxg3 {309} 13. fxg3 {76} Bd6 {52} 14. Qf2 {504} Qf6 {429} 15. Be1 {226} O-O-O {
535} 16. Nd2 {130} Nge5 {307} 17. Qxf6 {383} gxf6 {41} 18. Nf3 {386} Nxf3+ {6}
19. Rxf3 {5} Rdg8 {199} 20. Rd1 {573} Rh6 {82} 21. Bd2 {69} Rhg6 {88} 22. g4 {9
} Ne5 {245} 23. Rf2 {84} Kd7 {106} 24. Bf4 {155} Ke7 {72} 25. c3 {189} c5 {858}
26. cxd4 {44} cxd4 {9} 27. Bxe5 {43} Bxe5 {99} 28. Rc1 {25} Rd8 {52} 29. Rc4 {
443} Rgg8 {63} 30. Kf1 {101} Kf8 {132} 31. Rfc2 {250} Kg7 {19} 32. Ra4 {108} a6
{34} 33. Kf2 {132} Kg6 {76} 34. Kf3 {87} Kg5 {4} 35. Ra5 {26} Kg6 {300} 36.
Rac5 {62} Rh8 {16} 37. Bf1 {32} Rb8 {26} 38. R5c4 {53} Kg5 {170} 39. Rc5 {23}
b5 {65} 40. Rc6 {61} a5 {0} 41. R2c5 {196} a4 {68} 42. Ra6 {421} Rhc8 {162} 43.
Rac6 {88} Rxc6 {148} 44. Rxc6 {2} b4 {4} 45. Rc5 {787} b3 {70} 46. a3 {183} Rb7
{42} 47. Rc4 {298} Rc7 {99} 48. Be2 {54} Kh4 {152} 49. Kg2 {44} Ra7 {357} 50.
Bd1 {31} Ra8 {22} 51. Be2 {24} Ra6 {81} 52. Rc5 {21} Ra7 {8} 53. Bd1 {14} Rc7 {
25} 54. Rxc7 {15} Bxc7 {1} 55. e5 {6} fxe5 {121} 56. Bf3 {12} Kg5 {516} 57. Bc6
{50} Kf4 {1} 58. Kf2 {68} e4 {693} 59. Bxe4 {41} Bd6 {4} 60. Bc6 {5} Bxa3 {5}
61. Bxa4 {5} Bxb2 {6} 62. Bxb3 {7} Ba3 {6} 63. Ba4 {46} Be7 {7} 64. Be8 {38}
Bh4+ {24} 65. Ke2 {69} f6 {5} 66. Bd7 {12} e5 {3} 67. Bf5 {9} Bg5 {3} 68. Kf2 {
20} Bh4+ {6} 69. Kg2 {17} Bg5 {3} 70. Kf2 {5} Bh4+ {0} 71. Kg2 {5} Bg5 {3}
1/2-1/2

[Event "Championnat de France Alpe d'Huez 2023 "]
[Site "ALPE D'HUEZ, France"]
[Date "2023.08.22"]
[Round "4.3"]
[White "GATINEAU, Yovann"]
[Black "MACON, Arthur"]
[Result "1/2-1/2"]
[ECO "D55"]
[WhiteElo "2362"]
[BlackElo "2328"]
[PlyCount "71"]
[EventDate "2023.08.??"]
[TimeControl "1/40+30:0"]

1. d4 {78} Nf6 {68} 2. c4 {45} e6 {8} 3. Nf3 {11} d5 {45} 4. Nc3 {38} Be7 {71}
5. Bg5 {45} h6 {102} 6. Bxf6 {119} Bxf6 {15} 7. e3 {62} O-O {70} 8. Qc2 {20}
dxc4 {455} 9. Bxc4 {53} c5 {46} 10. dxc5 {204} Qa5 {177} 11. O-O {294} Bxc3 {
243} 12. Qxc3 {11} Qxc3 {82} 13. bxc3 {5} Nd7 {33} 14. c6 {42} bxc6 {113} 15.
Rab1 {231} Nb6 {223} 16. Be2 {81} c5 {280} 17. Rfc1 {10} Bb7 {517} 18. Kf1 {279
} Rfc8 {623} 19. c4 {187} Bc6 {254} 20. Nd2 {430} Rab8 {285} 21. Bf3 {686} Bxf3
{113} 22. gxf3 {45} Nd7 {305} 23. Ke2 {211} Rxb1 {515} 24. Rxb1 {7} Rb8 {93}
25. Rb5 {259} a6 {178} 26. Rxb8+ {541} Nxb8 {4} 27. Kd3 {485} Nd7 {64} 28. Kc3
{76} f5 {234} 29. Kb3 {403} Nb6 {18} 30. f4 {19} Kf7 {51} 31. Nf3 {12} Ke7 {42}
32. Ne5 {47} Kd6 {43} 33. Nf7+ {360} Ke7 {56} 34. Ne5 {7} Kd6 {5} 35. Nf7+ {73}
Ke7 {7} 36. Ne5 {4} 1/2-1/2

[Event "Championnat de France Alpe d'Huez 2023 "]
[Site "ALPE D'HUEZ, France"]
[Date "2023.08.22"]
[Round "4.4"]
[White "VILLEGAS, Pierre"]
[Black "OLLIER, Pablo"]
[Result "1/2-1/2"]
[ECO "E11"]
[WhiteElo "2274"]
[BlackElo "2353"]
[PlyCount "79"]
[EventDate "2023.08.??"]
[TimeControl "1/40+30:0"]

1. d4 {3} e6 {14} 2. c4 {26} Bb4+ {8} 3. Bd2 {54} c5 {42} 4. Nf3 {365} Nf6 {12}
5. e3 {112} O-O {60} 6. Bd3 {136} Nc6 {149} 7. a3 {381} Bxd2+ {19} 8. Nbxd2 {7}
b6 {769} 9. dxc5 {442} bxc5 {10} 10. Qc2 {10} Rb8 {250} 11. Ne4 {607} h6 {327}
12. O-O {72} Nxe4 {332} 13. Bxe4 {113} Qf6 {87} 14. Bxc6 {419} dxc6 {50} 15.
Qa4 {80} e5 {127} 16. Qxa7 {277} Bg4 {243} 17. Qxc5 {453} Bxf3 {46} 18. gxf3 {5
} Rxb2 {62} 19. Rad1 {297} Rfb8 {612} 20. Qd6 {194} Qf5 {312} 21. f4 Qxf4 {0}
22. Qxe5 {32} Qg4+ {46} 23. Qg3 {374} Qxc4 {69} 24. Rd4 {21} Qc3 {138} 25. Rfd1
{475} c5 {460} 26. R4d3 {351} Qc2 {181} 27. R1d2 {274} Qc4 {350} 28. Qf4 {325}
Qe6 {84} 29. Rxb2 {89} Rxb2 {16} 30. e4 {35} g6 {334} 31. Rd8+ {121} Kh7 {132}
32. Rd6 {58} Qc4 {153} 33. Rd7 {51} Rb1+ {50} 34. Kg2 {1} Qf1+ {63} 35. Kg3 {5}
Qg1+ {261} 36. Kh3 {8} Rb3+ {87} 37. f3 {3} Qf1+ {39} 38. Kg3 {4} Qg1+ {42} 39.
Kh3 {4} Qf1+ {6} 40. Kg3 {3} 1/2-1/2

[Event "Championnat de France Alpe d'Huez 2023 "]
[Site "ALPE D'HUEZ, France"]
[Date "2023.08.23"]
[Round "5.1"]
[White "POURQUET, Matthieu"]
[Black "BOYER, Mahel"]
[Result "1/2-1/2"]
[ECO "D02"]
[WhiteElo "2183"]
[BlackElo "2476"]
[PlyCount "91"]
[EventDate "2023.08.??"]
[TimeControl "1/40+30:0"]

1. Nf3 {2} d5 {647} 2. d4 {26} e6 {137} 3. g3 {57} b6 {105} 4. Bg2 {139} Bb7 {
13} 5. O-O {19} Nd7 {80} 6. a4 {808} a6 {696} 7. Bf4 {427} Ngf6 {300} 8. c3 {
217} c5 {108} 9. Nbd2 {139} Be7 {77} 10. a5 {63} b5 {997} 11. Qb1 {359} cxd4 {
723} 12. cxd4 {98} Bb4 {16} 13. Nb3 {555} Rc8 {107} 14. Bd2 {607} Qe7 {50} 15.
Bxb4 {137} Qxb4 {5} 16. Nc1 {7} Ne4 {160} 17. Nd3 {71} Qe7 {3} 18. Rc1 {210}
O-O {30} 19. Rxc8 {141} Rxc8 {7} 20. Qe1 {21} Rc4 {146} 21. e3 {926} h5 {204}
22. Qd1 {57} Ndf6 {77} 23. Nfe5 {33} Rc7 {13} 24. Rc1 {11} h4 {20} 25. Rc2 {197
} Qd8 {26} 26. f3 {48} Rxc2 {384} 27. Qxc2 {5} Qxa5 {23} 28. fxe4 {22} dxe4 {13
} 29. Qc3 {71} Qxc3 {644} 30. bxc3 {3} exd3 {2} 31. Bxb7 {11} d2 {1} 32. Bf3 {7
} Ne4 {508} 33. c4 {10} b4 {10} 34. c5 {535} b3 {14} 35. Nc4 {12} Kf8 {3} 36.
Bd1 {50} Nc3 {72} 37. Bxb3 {11} d1=R+ {22} 38. Bxd1 {6} Nxd1 {2} 39. gxh4 {209}
a5 {108} 40. Kf1 {135} a4 {22} 41. Ke2 {79} Nc3+ {393} 42. Kd3 {121} Nb5 {289}
43. Kc2 {1047} f5 {814} 44. Ne5 {14} Ke8 {122} 45. Nd3 {89} Ke7 {205} 46. Kb2 {
172} 1/2-1/2

[Event "Championnat de France Alpe d'Huez 2023 "]
[Site "ALPE D'HUEZ, France"]
[Date "2023.08.23"]
[Round "5.2"]
[White "VLACHOS, Anatole"]
[Black "ZACHARY, Matheo"]
[Result "1/2-1/2"]
[ECO "D00"]
[WhiteElo "2436"]
[BlackElo "2334"]
[PlyCount "65"]
[EventDate "2023.08.??"]
[TimeControl "1/40+30:0"]

1. d4 {1} d5 {160} 2. Nc3 {13} Nf6 {247} 3. Bf4 {6} e6 {60} 4. Nb5 {7} Na6 {41}
5. e3 {15} Be7 {117} 6. h4 {327} Ne4 {436} 7. Nc3 {266} Nxc3 {325} 8. bxc3 {16}
c5 {22} 9. Bb5+ {172} Bd7 {280} 10. Rb1 {195} O-O {311} 11. Nf3 {142} Rc8 {322}
12. Bxd7 {114} Qxd7 {6} 13. Ne5 {10} Qe8 {1011} 14. Rxb7 {28} f6 {125} 15. Nd7
{656} Rf7 {104} 16. Qe2 {53} Nc7 {195} 17. Nxc5 {192} e5 {93} 18. Bg3 {273}
Bxc5 {86} 19. dxc5 {2} Qc6 {41} 20. Rb2 {137} Ne6 {268} 21. O-O {119} Nxc5 {25}
22. c4 {114} dxc4 {237} 23. Qxc4 {126} Ne4 {37} 24. Qxc6 {214} Rxc6 {45} 25.
Rd1 {239} Rfc7 {126} 26. h5 {3} Kf7 {145} 27. Bh4 {278} g5 {101} 28. hxg6+ {41}
hxg6 {7} 29. f3 {17} Nc3 {21} 30. Rd2 {376} Na4 {59} 31. Rb5 {833} g5 {211} 32.
Bf2 {234} Rxc2 {81} 33. Rxc2 {228} 1/2-1/2

[Event "Championnat de France Alpe d'Huez 2023 "]
[Site "ALPE D'HUEZ, France"]
[Date "2023.08.23"]
[Round "5.3"]
[White "BOURNEL, Antoine"]
[Black "DEFROMONT, Benjamin"]
[Result "1/2-1/2"]
[ECO "A84"]
[WhiteElo "2329"]
[BlackElo "2428"]
[PlyCount "41"]
[EventDate "2023.08.??"]
[TimeControl "1/40+30:0"]

1. d4 {186} e6 {161} 2. c4 {103} f5 {7} 3. Nf3 {120} Nf6 {9} 4. g3 {31} d5 {37}
5. Bg2 {279} Bd6 {17} 6. Bf4 {76} Bxf4 {90} 7. gxf4 {2} O-O {91} 8. Nbd2 {152}
b6 {286} 9. Rc1 {254} Bb7 {72} 10. Ne5 {127} Nbd7 {236} 11. Nxd7 {810} Qxd7 {
841} 12. c5 {165} Ne4 {276} 13. e3 {344} Rf6 {906} 14. f3 {918} Nxd2 {396} 15.
Qxd2 {8} Ba6 {37} 16. Rc3 {249} Rh6 {364} 17. Kd1 {285} bxc5 {559} 18. Rxc5 {
169} Rb8 {29} 19. Qc2 {133} c6 {310} 20. Kc1 {38} Rb6 {18} 21. Kb1 {220}
1/2-1/2

[Event "Championnat de France Alpe d'Huez 2023 "]
[Site "ALPE D'HUEZ, France"]
[Date "2023.08.23"]
[Round "5.4"]
[White "LAMAZE, Simon"]
[Black "VILLEGAS, Pierre"]
[Result "1-0"]
[ECO "B12"]
[WhiteElo "2410"]
[BlackElo "2274"]
[PlyCount "71"]
[EventDate "2023.08.??"]
[TimeControl "1/40+30:0"]

1. e4 {2} c6 {9} 2. d4 {41} d5 {7} 3. e5 {4} Bf5 {56} 4. h4 {26} h5 {29} 5. c4
{29} e6 {44} 6. Nc3 {17} Ne7 {57} 7. Nf3 {171} Bg4 {178} 8. Bg5 {85} Qb6 {390}
9. c5 {436} Qc7 {1371} 10. Bd3 {7} Nd7 {113} 11. Qd2 {6} Bxf3 {1082} 12. gxf3 {
32} b6 {155} 13. cxb6 {667} axb6 {83} 14. Rc1 {27} Qb7 {165} 15. O-O {306} f6 {
431} 16. exf6 {24} gxf6 {5} 17. Be3 {4} Kf7 {80} 18. Kh1 {435} Bg7 {496} 19.
Rg1 {27} Rag8 {7} 20. Ne2 {171} e5 {321} 21. b4 {770} Bf8 {116} 22. Qc2 {583}
Rxg1+ {286} 23. Rxg1 {15} Rg8 {7} 24. Rxg8 {91} Kxg8 {5} 25. Ng3 {74} Qc8 {103}
26. Nxh5 {59} Qe8 {42} 27. Ng3 {113} exd4 {112} 28. Bxd4 {45} Ne5 {3} 29. Bxb6
{306} N7g6 {112} 30. Bxg6 {382} Nxg6 {5} 31. Qf5 {165} Bd6 {200} 32. Be3 {93}
d4 {158} 33. Bxd4 {150} Qe1+ {58} 34. Kh2 {4} Bxg3+ {65} 35. fxg3 {6} Qe2+ {21}
36. Kh3 {23} 1-0

[Event "Championnat de France Alpe d'Huez 2023 "]
[Site "ALPE D'HUEZ, France"]
[Date "2023.08.24"]
[Round "6.1"]
[White "MACON, Arthur"]
[Black "LAMAZE, Simon"]
[Result "0-1"]
[ECO "A09"]
[WhiteElo "2328"]
[BlackElo "2410"]
[PlyCount "124"]
[EventDate "2023.08.??"]
[TimeControl "1/40+30:0"]

1. Nf3 {9} d5 {4} 2. g3 {37} Nc6 {5} 3. c4 {362} d4 {206} 4. Bg2 {68} e5 {140}
5. d3 {76} Bc5 {430} 6. O-O {116} Nge7 {42} 7. a3 {450} a5 {215} 8. e3 {141}
dxe3 {234} 9. Bxe3 {103} Bxe3 {31} 10. fxe3 {4} O-O {58} 11. Nc3 {165} Bg4 {90}
12. h3 {500} Bh5 {45} 13. Qd2 {240} f5 {733} 14. Nh2 {583} Bf7 {875} 15. Rad1 {
461} Qd7 {32} 16. b3 {377} Rad8 {43} 17. Qb2 {344} Bh5 {211} 18. Rd2 {334} f4 {
359} 19. exf4 {146} Qd4+ {47} 20. Kh1 {22} Nf5 {329} 21. Ne4 {166} Qxb2 {5} 22.
Rxb2 {14} Ne3 {25} 23. Re1 {113} Nxg2 {25} 24. Kxg2 {74} exf4 {106} 25. gxf4 {
60} Rxf4 {197} 26. Rf2 {67} Rxf2+ {81} 27. Nxf2 {12} Nd4 {153} 28. Re7 {204}
Be8 {124} 29. b4 {200} Kf8 {64} 30. Re5 {92} a4 {25} 31. b5 {124} c6 {316} 32.
Nf3 {353} cxb5 {123} 33. Nxd4 {17} Rxd4 {3} 34. cxb5 {9} Rd6 {11} 35. Kf3 {179}
Rb6 {53} 36. Rf5+ {46} Kg8 {35} 37. Ke3 {122} Rxb5 {181} 38. Rxb5 {83} Bxb5 {1}
39. Kd4 {33} Bd7 {45} 40. Kc5 {56} b5 {30} 41. h4 {279} Kf7 {401} 42. Ne4 {23}
Kg6 {503} 43. Ng3 {166} h6 {223} 44. d4 {92} Kf6 {107} 45. Kd6 {472} Be8 {19}
46. Ne4+ {42} Kf5 {77} 47. Nc3 {182} g5 {170} 48. hxg5 {24} hxg5 {105} 49. d5 {
424} g4 {205} 50. Ke7 {96} g3 {282} 51. Kxe8 {183} g2 {12} 52. Ne2 {8} Ke5 {10}
53. Kd7 {101} Kxd5 {221} 54. Nf4+ {8} Kc4 {5} 55. Nxg2 {3} b4 {39} 56. axb4 {
111} a3 {13} 57. Ne1 {53} a2 {85} 58. Nc2 {16} Kc3 {2} 59. Na1 {99} Kxb4 {3}
60. Kc6 {28} Kc3 {7} 61. Kc5 {27} Kb2 {2} 62. Kb4 {29} Kxa1 {4} 0-1

[Event "Championnat de France Alpe d'Huez 2023 "]
[Site "ALPE D'HUEZ, France"]
[Date "2023.08.24"]
[Round "6.2"]
[White "GATINEAU, Yovann"]
[Black "SAMOUN, Florent"]
[Result "1/2-1/2"]
[ECO "D30"]
[WhiteElo "2362"]
[BlackElo "2267"]
[PlyCount "89"]
[EventDate "2023.08.??"]
[TimeControl "1/40+30:0"]

1. d4 {352} Nf6 {79} 2. c4 {8} c6 {65} 3. Nf3 {93} d5 {92} 4. Qc2 {16} e6 {146}
5. e3 {200} Be7 {85} 6. Nc3 {68} Nbd7 {69} 7. Be2 {126} O-O {80} 8. O-O {6} b6
{302} 9. b3 {292} Bb7 {171} 10. Bb2 {165} Rc8 {102} 11. Rfd1 {614} Rc7 {614}
12. Rac1 {590} Qa8 {219} 13. Qb1 {184} Rcc8 {231} 14. cxd5 {457} cxd5 {101} 15.
Rc2 {84} Ne4 {241} 16. Nxe4 {227} dxe4 {8} 17. Nd2 {42} Nf6 {159} 18. Rdc1 {159
} Rxc2 {461} 19. Qxc2 {306} Rc8 {242} 20. Qd1 {48} Kf8 {213} 21. Nc4 {43} Nd5 {
154} 22. Bf1 {211} Nf6 {872} 23. Ne5 {363} Rxc1 {242} 24. Qxc1 {12} Qc8 {62}
25. Bc4 {390} Nd7 {209} 26. Nxd7+ {192} Qxd7 {6} 27. Ba3 {20} Bd5 {416} 28.
Bxe7+ {177} Kxe7 {9} 29. Qa3+ {50} Kf6 {39} 30. h3 {195} Qc7 {103} 31. Qa4 {176
} Bc6 {204} 32. Qb4 {43} Kg6 {105} 33. Qf8 {126} Qd7 {173} 34. Be2 {117} h6 {99
} 35. Bh5+ {89} Kf6 {19} 36. Qb8 {34} Qd5 {78} 37. Be2 {97} Qa5 {29} 38. Kh2 {
167} g6 {29} 39. Qh8+ {29} Ke7 {11} 40. Qc8 {32} Be8 {53} 41. Qc2 {570} Bd7 {
311} 42. Bc4 {305} f5 {232} 43. Qb2 {60} Kd6 {588} 44. a3 {423} Qe1 {137} 45.
b4 {103} 1/2-1/2

[Event "Championnat de France Alpe d'Huez 2023 "]
[Site "ALPE D'HUEZ, France"]
[Date "2023.08.24"]
[Round "6.3"]
[White "POURQUET, Matthieu"]
[Black "OLLIER, Pablo"]
[Result "1/2-1/2"]
[ECO "E18"]
[WhiteElo "2183"]
[BlackElo "2353"]
[PlyCount "117"]
[EventDate "2023.08.??"]
[TimeControl "1/40+30:0"]

1. d4 {227} Nf6 {216} 2. c4 {16} e6 {15} 3. Nf3 {105} b6 {104} 4. g3 {6} Bb7 {7
} 5. Bg2 {6} Be7 {33} 6. O-O {7} O-O {6} 7. Nc3 {6} Ne4 {34} 8. Bd2 {5} d6 {35}
9. Be1 {406} Nd7 {199} 10. Qc2 {21} Nxc3 {259} 11. Bxc3 {189} f5 {229} 12. Rad1
{1144} Qe8 {246} 13. Ne1 {81} Bxg2 {27} 14. Nxg2 {6} d5 {570} 15. Bd2 {1101}
Rc8 {185} 16. Nf4 {178} Qf7 {19} 17. Qa4 {122} Bd6 {297} 18. a3 {600} a5 {188}
19. Rc1 {11} dxc4 {330} 20. Qxc4 {142} Rfe8 {152} 21. Nd3 {155} Qh5 {507} 22.
Bf4 {101} Bf8 {398} 23. f3 {561} Nf6 {46} 24. Be5 {25} Qf7 {144} 25. Qc6 {76}
Nd5 {143} 26. e4 {15} Ne7 {293} 27. Qb7 {7} Ng6 {363} 28. Rxc7 {18} Rxc7 {29}
29. Qxc7 {3} Nxe5 {31} 30. Qxe5 {5} Rd8 {17} 31. Kg2 {57} Qd7 {74} 32. Nf4 {21}
Re8 {70} 33. d5 {423} exd5 {316} 34. Qxd5+ {5} Qxd5 {7} 35. exd5 {4} Re5 {57}
36. Rf2 {169} Kf7 {216} 37. Rd2 {21} Bd6 {112} 38. h4 {251} g6 {116} 39. Ne6 {
127} Ke7 {365} 40. Kf2 {51} Kd7 {127} 41. f4 {266} Re4 {26} 42. Rc2 {16} a4 {
228} 43. Rc3 {1225} b5 {136} 44. b4 {45} axb3 {158} 45. Rxb3 {4} Ra4 {223} 46.
Rxb5 {20} Bxa3 {8} 47. Ng5 {246} Ra7 {240} 48. Nxh7 {44} Kd6 {13} 49. Nf6 {124}
Bc5+ {9} 50. Kg2 {57} Ra2+ {258} 51. Kh3 {5} Ra3 {39} 52. h5 {67} Bd4 {195} 53.
Ne8+ {47} Kd7 {18} 54. hxg6 {146} Kxe8 {20} 55. Rb8+ {17} Ke7 {23} 56. Kh4 {89}
Bf6+ {66} 57. Kh3 {3} Ra7 {172} 58. Rb5 {60} Rd7 {215} 59. g4 {18} 1/2-1/2

[Event "Championnat de France Alpe d'Huez 2023 "]
[Site "ALPE D'HUEZ, France"]
[Date "2023.08.24"]
[Round "6.4"]
[White "BOYER, Mahel"]
[Black "BOURNE, Antoine"]
[Result "1-0"]
[ECO "B10"]
[WhiteElo "2476"]
[BlackElo "2329"]
[PlyCount "91"]
[EventDate "2023.08.??"]
[TimeControl "1/40+30:0"]

1. e4 {278} c6 {31} 2. Nf3 {9} d5 {57} 3. e5 {6} Bf5 {46} 4. Nh4 {11} Nh6 {135}
5. d4 {15} e6 {77} 6. Nxf5 {4} Nxf5 {45} 7. c3 {6} c5 {358} 8. Bd3 {20} cxd4 {
95} 9. Bxf5 {156} exf5 {27} 10. cxd4 {232} Nc6 {49} 11. O-O {44} Qb6 {505} 12.
Be3 {1210} Qxb2 {512} 13. Nd2 {113} Bb4 {407} 14. Nb3 {518} Qa3 {299} 15. Qf3 {
281} O-O {227} 16. Qxf5 {169} Rac8 {232} 17. Rfc1 {130} Ne7 {280} 18. Qd7 {286}
Bc3 {202} 19. Rab1 {76} Rfd8 {146} 20. Qg4 {709} Bb4 {1115} 21. Rxc8 {460} Rxc8
{14} 22. Bh6 {51} g6 {29} 23. Qd7 {7} Qxa2 {599} 24. Rc1 {38} Rb8 {21} 25. Nc5
{425} Nf5 {376} 26. e6 {729} Nxh6 {17} 27. e7 {9} Qe2 {38} 28. Qd8+ {20} Kg7 {
81} 29. Qxb8 {41} Qxe7 {31} 30. Qxa7 {134} Nf5 {22} 31. Qa1 {74} Qe2 {79} 32.
Qb1 {98} Bd2 {181} 33. Rf1 {7} Qg4 {42} 34. Qxb7 {14} Nxd4 {32} 35. Qxd5 {15}
Bc3 {26} 36. h3 {24} Ne2+ {24} 37. Kh1 {8} Qf4 {25} 38. Qd3 {48} Be5 {49} 39.
g3 {0} Qd4 {21} 40. Ne6+ {97} fxe6 {3} 41. Qxe2 {3} Qd5+ {24} 42. Kh2 {113} Bd4
{504} 43. Rc1 {113} Bb6 {122} 44. Rc4 {638} Kg8 {201} 45. Kg1 {81} Qf5 {116}
46. Rc6 {70} 1-0

[Event "Championnat de France Alpe d'Huez 2023 "]
[Site "ALPE D'HUEZ, France"]
[Date "2023.08.25"]
[Round "7.1"]
[White "LAMAZE, Simon"]
[Black "VLACHOS, Anatole"]
[Result "1/2-1/2"]
[ECO "D14"]
[WhiteElo "2410"]
[BlackElo "2436"]
[PlyCount "31"]
[EventDate "2023.08.??"]
[TimeControl "1/40+30:0"]

1. d4 {0} d5 {11} 2. c4 {5} c6 {7} 3. cxd5 {24} cxd5 {7} 4. Bf4 {1} Nc6 {7} 5.
e3 {9} Nf6 {20} 6. Nc3 {4} Bf5 {13} 7. Nf3 {14} e6 {12} 8. Be2 {4} Ne4 {5} 9.
Nxe4 {506} Bxe4 {5} 10. O-O {33} Bxf3 {3} 11. Bxf3 {19} Bd6 {3} 12. Bxd6 {24}
Qxd6 {2} 13. Qb3 {118} Qb4 {40} 14. Qxb4 {133} Nxb4 {12} 15. a3 {5} Nc6 {13}
16. Rfc1 {9} 1/2-1/2

[Event "Championnat de France Alpe d'Huez 2023 "]
[Site "ALPE D'HUEZ, France"]
[Date "2023.08.25"]
[Round "7.2"]
[White "OLLIER, Pablo"]
[Black "BOYER, Mahel"]
[Result "0-1"]
[ECO "E93"]
[WhiteElo "2353"]
[BlackElo "2476"]
[PlyCount "106"]
[EventDate "2023.08.??"]
[TimeControl "1/40+30:0"]

1. d4 {4} Nf6 {323} 2. c4 {8} g6 {28} 3. Nc3 {63} Bg7 {8} 4. e4 {12} d6 {10} 5.
Be2 {89} O-O {119} 6. Nf3 {30} Nbd7 {59} 7. Bg5 {145} h6 {145} 8. Bh4 {41} e5 {
95} 9. d5 {10} g5 {31} 10. Bg3 {9} Nh5 {3} 11. h4 {56} g4 {26} 12. Nh2 {77}
Nxg3 {14} 13. fxg3 {7} h5 {4} 14. O-O {142} Nc5 {55} 15. b4 {273} Nd7 {42} 16.
Rb1 {715} a5 {55} 17. a3 {10} f5 {153} 18. exf5 {117} Nf6 {90} 19. Bd3 {157}
axb4 {13} 20. axb4 {9} e4 {18} 21. Nxe4 {318} Nxe4 {407} 22. Bxe4 {6} Qf6 {11}
23. Nxg4 {774} hxg4 {605} 24. Qxg4 {17} Ra3 {276} 25. Rf4 {337} Kh8 {662} 26.
Rbf1 {141} Bh6 {317} 27. R4f3 {428} Rg8 {1338} 28. Qh5 {18} Rxg3 {406} 29. Rxa3
{134} Rxa3 {5} 30. Rf4 {201} Kg7 {707} 31. Rg4+ {45} Kf8 {4} 32. Kh2 {485} Bg7
{56} 33. Qg5 {945} Qxg5 {43} 34. Rxg5 {31} Be5+ {167} 35. g3 {58} Rc3 {9} 36.
h5 {233} Rxc4 {7} 37. Rg4 {27} Bg7 {102} 38. Rh4 {285} Bh6 {48} 39. Rg4 {2} Kf7
{83} 40. Kg2 {51} Rxb4 {70} 41. Kf3 {13} Rb3+ {142} 42. Kf2 {14} Rb2+ {266} 43.
Kf3 {110} Rb3+ {219} 44. Kf2 {198} Re3 {140} 45. Bb1 {46} Re5 {18} 46. Rc4 {19}
Bxf5 {32} 47. Rxc7+ {7} Kf6 {5} 48. Rxb7 {6} Bxb1 {54} 49. Rxb1 {2} Rxh5 {39}
50. Rd1 {10} Rh2+ {15} 51. Kf3 {14} Rd2 {3} 52. Rh1 {11} Kg6 {7} 53. Ke4 {39}
Bg7 {6} 0-1

[Event "Championnat de France Alpe d'Huez 2023 "]
[Site "ALPE D'HUEZ, France"]
[Date "2023.08.25"]
[Round "7.3"]
[White "DI NICOLANTONIO, Lucas"]
[Black "POURQUET, Matthieu"]
[Result "1/2-1/2"]
[ECO "B31"]
[WhiteElo "2383"]
[BlackElo "2183"]
[PlyCount "57"]
[EventDate "2023.08.??"]
[TimeControl "1/40+30:0"]

1. e4 {4} c5 {83} 2. Nf3 {16} Nc6 {5} 3. Bb5 {32} g6 {36} 4. Bxc6 {163} dxc6 {6
} 5. d3 {42} Qc7 {5} 6. O-O {253} e5 {261} 7. a4 {414} Nf6 {243} 8. Na3 {282}
Nh5 {25} 9. Nc4 {180} f6 {79} 10. Be3 {1392} Be7 {23} 11. c3 {555} Be6 {112}
12. Qe2 {81} O-O {36} 13. d4 {77} exd4 {217} 14. cxd4 {43} Nf4 {162} 15. Qc2 {
414} cxd4 {164} 16. Nxd4 {61} Bf7 {17} 17. a5 {117} Ne6 {1241} 18. Rfd1 {126}
Rfe8 {221} 19. g3 {367} Bf8 {308} 20. Nxe6 {171} Bxe6 {10} 21. a6 {213} b6 {106
} 22. Bf4 {94} Qf7 {86} 23. Nd6 {29} Bxd6 {6} 24. Rxd6 {5} c5 {15} 25. Qc3 {92}
g5 {480} 26. Be3 {23} Rad8 {105} 27. Rad1 {93} Qe7 {11} 28. e5 {52} Rxd6 {339}
29. Rd2 {16} 1/2-1/2

[Event "Championnat de France Alpe d'Huez 2023 "]
[Site "ALPE D'HUEZ, France"]
[Date "2023.08.25"]
[Round "7.4"]
[White "LUCAS, Arthur"]
[Black "GATINEAU, Yovann"]
[Result "1/2-1/2"]
[ECO "C00"]
[WhiteElo "2312"]
[BlackElo "2362"]
[PlyCount "98"]
[EventDate "2023.08.??"]
[TimeControl "1/40+30:0"]

1. e4 {558} e6 {7} 2. Qe2 {47} c5 {43} 3. b3 {8} Nc6 {241} 4. Bb2 {5} e5 {237}
5. f4 {20} exf4 {182} 6. Qf2 {46} Nf6 {730} 7. Nc3 {182} Be7 {208} 8. O-O-O {
684} O-O {357} 9. Nh3 {203} d5 {87} 10. exd5 {52} Nxd5 {0} 11. Nxd5 {520} Qxd5
{18} 12. Nxf4 {3} Qd6 {80} 13. Bc4 {1117} Bf6 {79} 14. Rhf1 {453} b6 {664} 15.
Bd5 {359} Bf5 {524} 16. d3 {577} Bxb2+ {199} 17. Kxb2 {2} Rae8 {46} 18. Bxc6 {
63} Qxc6 {95} 19. Rde1 {66} h6 {470} 20. h3 {735} Rxe1 {286} 21. Rxe1 {7} Re8 {
42} 22. Rxe8+ {224} Qxe8 {2} 23. Qe2 {5} Qxe2 {102} 24. Nxe2 {1} g5 {15} 25.
Kc3 {69} Kg7 {51} 26. a3 {190} Be6 {140} 27. d4 {28} Bd5 {12} 28. g3 {19} f5 {
52} 29. dxc5 {18} bxc5 {20} 30. b4 {42} Bf3 {267} 31. Ng1 {35} cxb4+ {39} 32.
axb4 {1} Be4 {87} 33. Kd2 {53} Kf6 {15} 34. c3 {42} Ke5 {78} 35. Ke3 {33} Kd5 {
80} 36. Ne2 {24} Kc4 {137} 37. h4 {36} Bd3 {91} 38. hxg5 {10} hxg5 {65} 39. Nc1
{51} Bf1 {183} 40. Kf2 {24} Bd3 {227} 41. Ke3 {68} Bc2 {1371} 42. Kd2 {366} Be4
{9} 43. Ne2 {29} Bg2 {396} 44. Nd4 {419} f4 {59} 45. gxf4 {10} gxf4 {1} 46. Nc2
{746} f3 {266} 47. Ne3+ {62} Kb3 {7} 48. Nd1 {25} Bf1 {27} 49. Nf2 {27} Be2 {48
} 1/2-1/2

[Event "Championnat de France Alpe d'Huez 2023 "]
[Site "ALPE D'HUEZ, France"]
[Date "2023.08.26"]
[Round "8.1"]
[White "BOYER, Mahel"]
[Black "LAMAZE, Simon"]
[Result "1/2-1/2"]
[ECO "B44"]
[WhiteElo "2476"]
[BlackElo "2410"]
[PlyCount "32"]
[EventDate "2023.08.??"]
[TimeControl "1/40+30:0"]

1. e4 {530} c5 {8} 2. Nf3 {26} e6 {15} 3. d4 {31} cxd4 {5} 4. Nxd4 {4} Nc6 {5}
5. c3 {11} Nf6 {172} 6. Nxc6 {55} dxc6 {446} 7. Qxd8+ {58} Kxd8 {6} 8. f3 {1235
} Nd7 {440} 9. Nd2 {182} e5 {131} 10. Nc4 {282} a5 {305} 11. Be3 {147} Kc7 {57}
12. a4 {230} f6 {12} 13. h4 {1837} h5 {255} 14. g3 {375} Bc5 {152} 15. Bd2 {19}
Re8 {370} 16. Bh3 {37} b6 {460} 1/2-1/2